Description

This is a guide on how to open safely in PvP and transition into the midgame to get the compostion you want. I also discuss the numerous things I think when playing PvP and how to handle the numerous attacks that come at you. I encourage you to watch my YT vid along with just the build order because there is a lot to be learned in all the variance you face.* Note: I don't usually open 2gate defensive style, but I had just played this opponent, however; it is not bad to open 2 gate for safety especially in lower leagues where you can be less sure with what you are facing/ lots of early aggresion builds!*

VOD

https://www.youtube.com/watch?v=GzvyFA25ljA

Replay - Chris vs Pure PvP Guide replay

Build Order

Get SALT Encoding   

  14  0:20  Pylon  
  15  0:40  Gateway  
  17  0:52  Assimilator  don't start mining, don't get cyber core when gateway finishes
  19  1:20  Nexus  start mining gas at 1:27
  20  1:27  Unknown (Chrono Boost)  
  21  1:36  Cybernetics Core  dont cut probe production at any point
  21  1:46  Gateway  OPTIONAL: you can do this build WITHOUT this gateway, scared of pressure this is okay, although I don't usually get this gateway
  22  1:55  Assimilator  
  22  2:05  Pylon  placement is HUGE, try to have the first two on both sides of your assimilators to cover your mineral field
  23  2:20  Mothership Core  
  25  2:21  Adept  adept after MSC
  29  2:36  Adept  
  34  2:55  Pylon  at natural, either at the top of ramp or in mineral field, usually top of ramp to halt agression.
  40  3:20  Twilight Council  
  45  3:48  Gateway  
  46  3:57  Robotics Facility  
  47  4:14  Blink  
  48  4:30  Assimilator x2  you should be fully saturated at your natural by now, good check in point, gases could've been taken even a bit sooner
  50  4:42  Stalker x3  get one obs and stalkers now, Normally you would get a robo BAY and a forge around the same time, then add 2-3 more gates before expanding for maximus safety, this game I took a reactionary third so it was different.
Spawning Tool Build Advisor. Get it on Overwolf

Analysis

This game is more of a guide to scout what to look for what to go for in standard games. A very normal thing you could do is after 3 gate robo, go robo bay->forge-> 2/3 more gateways. This game I took reactionary third so it was different, but usually you can play even safer if you wish before expanding. Blink stalker disruptor is strong and eventually going into some archons and immo's is not too bad. If facing heavy 5/6 gate blink early you could go immortals before disruptor for defense.

Go to:

Details

  • Created by: Mcanning      
  • Published on: Nov 24, 2015
  • Modified on: Apr 30, 2016
  • Patch: Pre-3.8.0
Show
View Real Time Build Order
Export as new Build Order

Comments (4)

On Dec. 22, 2015, 4:16 p.m., Coypirus  said:

what do you do if you scout stargate?

On Dec. 11, 2015, 2:17 a.m., yobeck  said:

Hey Mcanning! Cool build. I am new to this game, but I have been trying to get this build into my (muscle)memory.
It seems like the robotics facility isnt encoded in the Salt (or meantioned in the build order).
Is there any way that you could update this?

On Dec. 10, 2015, 8:05 a.m., Cynitro  said:

Good build but problem with Salt encoding and build at 20 !

On Nov. 30, 2015, 10:20 p.m., Sidrahlin  said:

Great build, I will try it out on the ladder! Hopefully I can pull it off :)

Create an account to comment!